 Dungeon Crawl Stone Soup version 0.22-a0-305-gd21a89c (webtiles) character file.

96 Amnesiac the Slasher (level 4, 0/35 HPs)
             Began as a Mummy Fighter on Mar 31, 2018.
             Shot with a stone by a goblin (2 damage)
             ... led by Robin
             ... on level 3 of the Dungeon.
             The game lasted 00:01:50 (1297 turns).

Amnesiac the Slasher (Mummy Fighter)                Turns: 1297, Time: 00:01:51

Health: 0/35       AC:  6    Str: 20    XL:     4   Next: 41%
Magic:  4/4        EV:  7    Int:  7    God:
Gold:   74         SH:  8    Dex: 11    Spells: 3/3 levels left

rFire    x . .     SeeInvis .   a - +0 long sword
rCold    + . .     Gourm    .   c - +0 shield
rNeg     + + +     Faith    .   b - +0 scale mail
rPois    ∞         Spirit   .   (no helmet)
rElec    .         Reflect  .   (no cloak)
rCorr    .         Harm     .   (no gloves)
MR       .....                  (no boots)
Stlth    ..........             (no amulet)
HPRegen  0.11/turn              (no ring)
MPRegen  0.09/turn              (no ring)

@: no status effects
A: no food or potions, fire vulnerability, cold resistance 1, negative energy
resistance 3, torment resistance, unbreathing
a: no special abilities


You were on level 3 of the Dungeon.
You were not hungry.

You visited 1 branch of the dungeon, and saw 3 of its levels.

You collected 74 gold pieces.

Inventory:

Hand Weapons
 a - a +0 long sword (weapon)
Missiles
 f - 8 curare-tipped needles
 j - a throwing net (quivered)
Armour
 b - a +0 scale mail (worn)
 c - a +0 shield (worn)
Jewellery
 i - an uncursed ring of flight {unknown}
Scrolls
 d - 2 scrolls of teleportation {!r, unknown}
 e - a scroll of magic mapping {!r, unknown}
 g - a scroll of enchant weapon {!r, unknown}
 h - a scroll of identify {!r, unknown}


   Skills:
 - Level 3.0 Fighting
 * Level 3.3 Long Blades
 - Level 2.4 Armour
 + Level 1.7 Dodging
 - Level 2.4 Shields


You had 3 spell levels left.
You didn't know any spells.

Dungeon Overview and Level Annotations

Branches:
Dungeon (3/15)

Altars:

Annotations:
D:2 Sigmund


Innate Abilities, Weirdness & Mutations

You do not eat or drink.
Your flesh is vulnerable to fire.
You are immune to poison.
Your flesh is cold resistant. (rC+)
You are immune to negative energy. (rN+++)
You are immune to unholy pain and torment.
You can survive without breathing.


Message History

You kill the goblin!
The goblin no longer looks unusually strong. x2
Robin roars a battlecry!
The goblins go into a battle-frenzy!
You closely miss the goblin. The goblin hits you but does no damage.
Robin roars a battlecry!
The goblin goes into a battle-frenzy!
You block the goblin's attack.
You completely miss the goblin.
The goblin no longer looks unusually strong.
Robin roars a battlecry!
The goblin goes into a battle-frenzy!
The goblin closely misses you.
You riposte.
You hit the goblin.
You kill the goblin!
You swing at nothing.
Robin hits you but does no damage.
You hit Robin.
Robin is moderately wounded.
You slash Robin!
Robin is severely wounded.
You hit Robin.
You kill Robin!
You barely miss the goblin. The goblin closely misses you.
You riposte.
You closely miss the goblin. You completely miss the goblin.
The goblin completely misses you. The goblin hits you but does no damage.
You closely miss the goblin. The goblin hits you but does no damage.
You hit the goblin.
You kill the goblin!
The goblin no longer looks unusually strong.
The goblin hits you but does no damage.
You closely miss the goblin. You block the goblin's attack.
You barely miss the goblin. The goblin barely misses you.
You hit the goblin.
The goblin is severely wounded.
You block the goblin's attack.
You barely miss the goblin.
The goblin is severely wounded.
The goblin no longer looks unusually strong.
The goblin hits you with a club.
* * * LOW HITPOINT WARNING * * *
The goblin hits you but does no damage.
You closely miss the goblin.
The goblin is severely wounded.
The goblin closely misses you.
You closely miss the goblin.
The goblin is severely wounded.
The goblin barely misses you.
You closely miss the goblin.
The goblin is severely wounded.
You block the goblin's attack.
You closely miss the goblin.
The goblin is severely wounded.
The goblin hits you but does no damage.
Your shield prevents you from hitting the goblin.
The goblin is severely wounded.
You block the goblin's attack.
You barely miss the goblin.
The goblin is severely wounded.
The goblin closely misses you.
You riposte.
You slash the goblin!
You kill the goblin!
The goblin unwields an uncursed club.
The goblin wields a runed hunting sling.
The goblin shoots a stone.
The stone hits you.
You die...

##. ...## ......##
######...
........###......#
.?....#..g'.#
#....##.#..gggg#
###...g.######ggg
##......g#####
#####..####....#@#
....%.#........#)###
###.<...........g..#
.....##†.###.......#
.....††.## #....####
......### #......#
........##........#
....................#
..........###.#..#.##


You could see a goblin.

Vanquished Creatures
  A hound (D:3)
  Robin (D:3)
  An ooze (D:1)
  A dart slug (D:1)
  2 leopard geckos
  2 ball pythons (D:1)
  2 bats
  4 giant cockroaches (D:1)
  16 goblins
  4 hobgoblins
  4 kobolds (D:1)
  5 rats
43 creatures vanquished.

Notes
Turn   | Place    | Note
-------+----------+-------------------------------------------
     0 | D:1      | Amnesiac the Mummy Fighter began the quest for the Orb.
     0 | D:1      | Reached XP level 1. HP: 18/18 MP: 1/1
   128 | D:1      | Reached XP level 2. HP: 24/24 MP: 2/2
   370 | D:2      | Noticed Sigmund
   402 | D:1      | Reached skill level 1 in Dodging
   579 | D:1      | Reached XP level 3. HP: 29/29 MP: 3/3
  1184 | D:3      | Reached XP level 4. HP: 26/35 MP: 4/4
  1244 | D:3      | Noticed Robin
  1283 | D:3      | Killed Robin
  1291 | D:3      | HP: 1/35 [goblin/club[Robin] (4)]
  1297 | D:3      | Shot with a stone by a goblin

Vault maps used:
D:1:      roderic_chinese_lattice_arrival, corexii_leaking_fountain
D:2:      lemuel_coloured_pillars_altar, uniq_sigmund
D:3:      first_ration, gup_sewer_entry_spiral, nicolae_tso_swordbearing_angel,
          uniq_robin, uniq_grinder

Skill      XL: |  1  2  3 |
---------------+----------+-----
Long Blades    | 2 3 |  3.3
Dodging        | 1 |  1.7
Fighting       | |  3.0
Armour         | |  2.4
Shields        | |  2.4

Action                   |  1- 3 |  4- 6 || total
-------------------------+-------+-------++-------
Melee: Long sword        |    83 |    61 ||   144
Armor: Scale mail        |    42 |    37 ||    79
Dodge: Dodged            |    30 |    36 ||    66
Block: Shield            |    39 |    36 ||    75
       Rpst.: Long sword |    11 |    11 ||    22

Table legend:
 A = Spawn XP
 B = Non-spawn XP
 C = Spawn XP percentage of total XP
 D = Spawn monster count
 E = Non-spawn monster count
 F = Spawn count percentage of total count
 G = Total turns spent on level
                    A         B        C        D         E        F      G
               +---------+---------+-------+---------+---------+-------+---------
         Total |       0 |     138 |   0.0 |       0 |      43 |   0.0 |  1297
               +---------+---------+-------+---------+---------+-------+---------
           D:1 |       0 |      57 |   0.0 |       0 |      27 |   0.0 |  1107
           D:2 |       0 |       4 |   0.0 |       0 |       2 |   0.0 |    67
           D:3 |       0 |      77 |   0.0 |       0 |      14 |   0.0 |   123
               +---------+---------+-------+---------+---------+-------+---------
